 Dungeon Crawl Stone Soup version 0.30-a0-643-g638baaf3f0 (webtiles) character file.

Game seed: 12284025985762849594

13593 funkygono the Thaumaturge (level 11, -4/72 HPs)
             Began as a Demonspawn Fire Elementalist on Jan 16, 2023.
             Was a Believer of Vehumet.
             Succumbed to a black mamba's poison
             ... on level 8 of the Dungeon.
             The game lasted 00:24:01 (12796 turns).

funkygono the Thaumaturge (DsFE)                   Turns: 12796, Time: 00:24:02

Health: -4/72      AC: 12    Str:  9    XL:     11   Next: 77%
Magic:  17/35      EV: 17    Int: 21    God:    Vehumet [**....]
Gold:   752        SH:  0    Dex: 13    Spells: 20/32 levels left

rFire   . . .      SeeInvis .    E - +6 quarterstaff "Demonbane" {flame, rC++}
rCold   + + .      Faith    .    (shield currently unavailable)
rNeg    . . .      Spirit   .    K - +3 ring mail
rPois   .          Reflect  .    (no helmet)
rElec   .          Harm     .    H - +1 cloak
rCorr   .          Rampage  .    q - +1 pair of gloves
Will    .....                    (no boots)
Stlth   +                        d - amulet of regeneration
HPRegen 4.12/turn                o - +5 ring of evasion
MPRegen 0.24/turn                R - ring of magical power

@: lethally poisoned (-4 -> -16)
A: powered by death 2, spiny 2, sturdy frame 1
a: Renounce Religion


You were on level 8 of the Dungeon.
You worshipped Vehumet.
Vehumet was pleased with you.
You visited 3 branches of the dungeon, and saw 12 of its levels.

You collected 812 gold pieces.
You spent 60 gold pieces at shops.

Inventory:

Hand Weapons
 j - a +0 whip
 B - a +4 quarterstaff of chaos
 E - the +6 quarterstaff "Demonbane" (weapon) {flame, rC++}
   (You found it on level 3 of the Dungeon)

   rC:        It greatly protects you from cold.
Armour
 q - a +1 pair of gloves (worn)
 H - a +1 cloak (worn)
 K - a +3 ring mail (worn)
 P - +0 acid dragon scales
Magical Staves
 O - a staff of death
Jewellery
 d - an amulet of regeneration (around neck)
 o - a +5 ring of evasion (left hand)
 R - a ring of magical power (right hand)
 S - a ring of see invisible
 U - a +6 ring of strength
Wands
 u - a wand of light (5)
 C - a wand of flame (22)
 F - a wand of paralysis (11)
 G - a wand of iceblast (20)
 J - a wand of mindburst (7)
Scrolls
 h - 6 scrolls of fog
 i - a scroll of blinking
 k - 7 scrolls of teleportation
 r - 2 scrolls of amnesia
 X - a scroll of fear
Potions
 g - a potion of invisibility
 l - 7 potions of curing
 m - 4 potions of flight
 t - 3 potions of brilliance {unknown}
 w - 2 potions of mutation {unknown}
 x - 2 potions of heal wounds
 z - a potion of might {unknown}
 A - a potion of haste {unknown}
 M - a potion of ambrosia {unknown}


   Skills:
 + Level 2.2 Fighting
 + Level 3.8 Staves
 + Level 3.1 Armour
 + Level 3.6 Dodging
 - Level 1.7 Stealth
 + Level 11.2 Spellcasting
 + Level 8.3 Conjurations
 + Level 0.1 Translocations
 + Level 9.8 Fire Magic
 + Level 0.1 Air Magic


You had 20 spell levels left.
You knew the following spells:

 Your Spells              Type           Power      Damage    Failure   Level
a - Foxfire               Conj/Fire      100%       2x1d9     1%          1
b - Scorch                Fire           100%       2d10      1%          2
c - Kindle Blastsparks    Fire/Tloc/Air  50%        2d14      7%          3
d - Flame Wave            Conj/Fire      50%        2d12      2%          4
e - Momentum Strike       Conj/Tloc      58%        3d9       2%          2

Your spell library contained the following spells:

 Spells                   Type           Power      Damage    Failure   Level
 Dazzling Flash           Conj/Hex       58%        N/A       4%          3
 Magic Dart               Conj           100%       1d8       1%          1
 Shock                    Conj/Air       100%       1d9       1%          1
 Inner Flame              Hex/Fire       32%        N/A       3%          3
 Mephitic Cloud           Conj/Pois/Air  23%        N/A       9%          3
 Necrotise                Necr           44%        1d6       10%         1
 Summon Small Mammal      Summ           44%        N/A       10%         1
 Call Imp                 Summ           11%        N/A       14%         2
 Swiftness                Air            12%        N/A       26%         3
 Call Canine Familiar     Summ           11%        N/A       28%         3
 Summon Guardian Golem    Hex/Summ       11%        N/A       28%         3
 Vampiric Draining        Necr           11%        2d6       28%         3
 Airstrike                Air            6%         2d(1-17)  65%         4
 Agony                    Necr           11%        N/A       95%         5


Dungeon Overview and Level Annotations

Branches:
Dungeon (10/15)            Temple (1/1) D:5            Lair (1/5) D:8
    Orc (0/2) D:10

Altars:
Ashenzari
Cheibriados
Dithmenos
Fedhas
Gozag
Hepliaklqana
Kikubaaqudgha
Makhleb
Nemelex Xobeh
Okawaru
Qazlal
Ru
Sif Muna
Trog
Uskayaw
Vehumet
Wu Jian
Xom
Yredelemnul
Lugonu

Shops:
D:10 *


Innate Abilities, Weirdness & Mutations

You regenerate health from kills.
You are mostly covered in sharp spines.
Your movements are slightly less encumbered by armour. (ER -2)


Message History

The black mamba poisons you! The black mamba closely misses you.
Casting: Foxfire (safe; 1% risk of failure)
Confirm with . or Enter, or press ? or * to list all spells.
Flames lash the black mamba.
The black mamba is lightly wounded.
The black mamba's fire resistance burns away.
You feel very sick.
You hear a bellow!
The foxfire hits the black mamba.
The black mamba is burned terribly!
The black mamba is moderately wounded.
The foxfire hits the yak!
The yak is moderately wounded.
The black mamba bites you!
You are more poisoned.
The black mamba poisons you!
A yak comes into view.
The black mamba is struck by your spines.
The black mamba bites you.
You are more poisoned.
The black mamba poisons you!
Unknown command.
You closely miss the black mamba.
The black mamba is moderately wounded.
You feel extremely sick.
The black mamba is struck by your spines.
The black mamba bites you but does no damage.
The yak barely misses you.
The black mamba is struck by your spines.
The black mamba bites you!
* * * LOW HITPOINT WARNING * * *
You are more poisoned.
The black mamba poisons you!
* * * LOW HITPOINT WARNING * * *
You feel extremely sick.
The black mamba is struck by your spines.
The black mamba bites you!
* * * LOW HITPOINT WARNING * * *
The yak barely misses you. The black mamba barely misses you.
You climb upwards.
Welcome back to the Dungeon!
You die...

#..♣.._..♣..# #.# #.
#..♣.....♣..# #####.###### #.
##........(## #..)))["/!.#####.
###.....########.#)))[=?!.......
#.####### #.....#.#)####.######
#..# #.#####.#)# #.# #..# #.#
#.#.# #.### ##..##### #.#####.#.#
#...# #.......# #.##@##.#.# ###.#
#...###.### #.##SY..#.######.#
#...#<....###>#####..........#
#.....###.............#####..####
......# #....>.######## #......
......###.###..# #..####
....#.....#....# #..#
##.......##.##.###### #..#
########............# #..#


You could see a black mamba (combustible) and a yak.

Vanquished Creatures
  4 two-headed ogres
  A deep elf pyromancer (D:9)
  Joseph (D:8)
  An unseen horror (D:10)
  2 cane toads (Lair:1)
  A kobold demonologist (D:9)
  Grinder (D:4)
  2 vampires (D:10)
  A shadow (D:9)
  3 wraiths
  A wyvern (D:10)
  20 yaks
  4 steam dragons
  A vampire mosquito (D:10)
  Menkaure (D:4)
  2 acid dragons (D:10)
  A swamp drake (D:10)
  7 orc warriors
  2 black bears
  2 ice beasts
  2 sky beasts
  An ogre (D:5)
  The ghost of caveywoolpert the Digger, an amateur DgEE (D:3)
  4 centaurs
  A phantom (D:5)
  5 kobold brigands
  4 bullfrogs
  4 scorpions
  12 killer bees
  2 hounds (D:7)
  A jelly (D:7)
  Crazy Yiuf (D:7)
  2 gnoll boudas
  9 orc priests
  3 iguanas
  Ijyb (D:4)
  Natasha (thrice) (D:2)
  9 orc wizards
  7 gnolls
  6 adders
  A shadow imp (D:7)
  A white imp (D:8)
  An ufetubus (D:4)
  3 worms
  8 dart slugs
  59 orcs
  4 bats
  4 endoplasms
  3 giant cockroaches
  6 goblins
  5 hobgoblins
  3 jackals (D:3)
  5 quokkas
  2 ball pythons
  2 frilled lizards (D:1)
  16 kobolds
  2 rats
261 creatures vanquished.

Vanquished Creatures (collateral kills)
  A foxfire (D:9)
1 creature vanquished.

Vanquished Creatures (others)
  918 foxfires
  2 fungi
  A plant (D:4)
  2 withered plants (D:3)
923 creatures vanquished.

Grand Total: 1185 creatures vanquished

Notes
Turn   | Place    | Note
-------+----------+-------------------------------------------
     0 | D:1      | funkygono the Demonspawn Fire Elementalist began the quest
                  | for the Orb.
     0 | D:1      | Reached XP level 1. HP: 13/13 MP: 3/3
   333 | D:1      | Gained mutation: You are partially covered in sharp spines.
                  | [demonic ancestry]
   333 | D:1      | Reached XP level 2. HP: 14/19 MP: 0/5
   709 | D:1      | Learned a level 2 spell: Scorch
  1165 | D:2      | Gained mutation: You are mostly covered in sharp spines.
                  | [demonic ancestry]
  1165 | D:2      | Reached XP level 3. HP: 21/24 MP: 1/6
  1169 | D:2      | Learned a level 3 spell: Kindle Blastsparks
  1795 | D:2      | Noticed Natasha
  1805 | D:2      | Killed Natasha
  1806 | D:2      | Reached skill level 3 in Spellcasting
  1806 | D:2      | Gained mutation: You regenerate a little health from kills.
                  | [demonic ancestry]
  1806 | D:2      | Reached XP level 4. HP: 30/30 MP: 1/8
  1876 | D:2      | Found a faded altar of an unknown god.
  2045 | D:2      | Noticed Natasha
  2054 | D:2      | Killed Natasha
  2370 | D:2      | Noticed Natasha
  2375 | D:2      | Killed Natasha
  2376 | D:2      | Reached XP level 5. HP: 35/35 MP: 4/10
  2773 | D:3      | Found an ancient bone altar of Kikubaaqudgha.
  3531 | D:3      | Found a runed translucent door.
  3531 | D:3      | Noticed caveywoolpert's ghost (amateur DgEE)
  3694 | D:3      | Killed caveywoolpert's ghost
  3695 | D:3      | Reached skill level 4 in Spellcasting
  3695 | D:3      | Reached XP level 6. HP: 37/41 MP: 3/12
  3761 | D:3      | Identified the +6 quarterstaff "Demonbane" {flame, rC++}
  4294 | D:4      | Found a snail-covered altar of Cheibriados.
  4304 | D:4      | Noticed Menkaure
  4313 | D:4      | Killed Menkaure
  4420 | D:4      | Noticed Grinder
  4422 | D:4      | Reached XP level 7. HP: 46/46 MP: 7/14
  4432 | D:4      | Killed Grinder
  4433 | D:4      | Reached skill level 5 in Spellcasting
  4433 | D:4      | Reached skill level 5 in Fire Magic
  4531 | D:4      | Noticed Ijyb
  4537 | D:4      | Killed Ijyb
  4696 | D:4      | Found a blossoming altar of Fedhas.
  4968 | D:4      | Learned a level 4 spell: Flame Wave
  4973 | D:5      | Entered Level 5 of the Dungeon
  5080 | D:5      | Found a bloodstained altar of Trog.
  5088 | D:5      | Found a sacrificial altar of Ru.
  5092 | D:5      | Found a shimmering blue altar of Sif Muna.
  5258 | D:5      | Found a staircase to the Ecumenical Temple.
  5289 | Temple   | Entered the Ecumenical Temple
  5550 | D:5      | Gained mutation: Your movements are slightly less
                  | encumbered by armour. (ER -2) [demonic ancestry]
  5550 | D:5      | Reached XP level 8. HP: 52/52 MP: 8/16
  5775 | D:5      | Reached skill level 6 in Spellcasting
  6347 | D:6      | Reached skill level 5 in Conjurations
  7098 | D:7      | Reached skill level 7 in Spellcasting
  7165 | D:7      | Gained mutation: You regenerate health from kills. [demonic
                  | ancestry]
  7165 | D:7      | Reached XP level 9. HP: 46/57 MP: 14/19
  7341 | D:7      | Noticed a +0 dagger
  7342 | D:7      | Noticed a +0 dagger
  7345 | D:7      | Found a hide-covered altar of Uskayaw.
  7545 | D:7      | Found a runed translucent door.
  7546 | D:7      | Noticed Crazy Yiuf
  7980 | D:7      | Reached skill level 1 in Fighting
  8151 | D:7      | Killed Crazy Yiuf
  8356 | D:8      | Found a radiant altar of Vehumet.
  8405 | D:8      | Became a worshipper of Vehumet
  8431 | D:8      | Found a shimmering altar of Xom.
  8545 | D:8      | HP: 1/59 [steam dragon/ball of steam (19)]
  8549 | D:8      | Reached skill level 8 in Spellcasting
  8763 | D:8      | Found a staircase to the Lair.
  8897 | D:8      | Noticed an angel
  8906 | D:8      | Found a basalt altar of Yredelemnul.
  8927 | D:8      | Noticed a profane servitor
  9110 | D:8      | Noticed Joseph
  9122 | D:8      | Killed Joseph
  9719 | D:9      | Found a shadowy altar of Dithmenos.
  9746 | D:9      | Reached XP level 10. HP: 65/65 MP: 17/22
  9853 | D:9      | Reached skill level 9 in Spellcasting
  9860 | D:9      | Reached skill level 1 in Staves
  9938 | D:9      | Noticed a deep elf pyromancer
  9968 | D:9      | Reached * piety under Vehumet
  9968 | D:9      | Offered knowledge of Freeze by Vehumet.
  9968 | D:9      | Noticed a two-headed ogre
  9980 | D:9      | Killed a two-headed ogre
  9981 | D:9      | Reached skill level 1 in Armour
 10060 | D:9      | HP: 3/66 [fire elemental[a deep elf pyromancer] (11)]
 10063 | D:9      | Killed a deep elf pyromancer
 10133 | D:9      | Identified the +1 hand axe of the Apocalypse {drain, rC+
                  | Dex+4 SInv}
 10452 | D:9      | Noticed a rust devil
 10456 | D:9      | Noticed a soul eater
 10777 | D:10     | Entered Level 10 of the Dungeon
 10796 | D:10     | Reached skill level 10 in Spellcasting
 10873 | D:10     | Noticed a two-headed ogre
 10881 | D:10     | Killed a two-headed ogre
 10959 | D:10     | Reached XP level 11. HP: 72/72 MP: 19/25
 10964 | D:10     | Identified the +7 falchion of Context {chaos, *Rage Str+5}
 11229 | D:10     | Found a staircase to the Orcish Mines.
 11241 | D:10     | Offered knowledge of Momentum Strike by Vehumet.
 11381 | D:10     | Reached ** piety under Vehumet
 11672 | D:10     | Noticed a two-headed ogre
 11681 | D:10     | Killed a two-headed ogre
 12053 | D:10     | Found an ornate altar of the Wu Jian Council.
 12176 | D:10     | Found Ossidi Inay's General Store.
 12181 | D:10     | Bought a potion of heal wounds for 60 gold pieces
 12301 | D:10     | Noticed a two-headed ogre
 12307 | D:10     | Killed a two-headed ogre
 12561 | D:10     | Learned a level 2 spell: Momentum Strike
 12763 | Lair:1   | Entered Level 1 of the Lair of Beasts
 12776 | Lair:1   | Reached skill level 11 in Spellcasting
 12777 | Lair:1   | Offered knowledge of Dazzling Flash by Vehumet.
 12795 | Lair:1   | HP: 3/72 [black mamba (10)]
 12796 | D:8      | Succumbed to a black mamba's poison

Illustrated notes

Levels and vault maps discovered:
D:1:      dpeg_arrival_signposts, layout_loops_ring
D:2:      layout_loops_ring, ebering_ecumenical_altar_mist,
          minmay_misc_feat_encased, uniq_natasha
D:3:      layout_loops_ring, mainiacjoe_overflow_surrounded_room,
          gammafunk_ghost_grave
D:4:      layout_cave_pools, fedhas_altar_3, kennysheep_slug_shrine,
          minmay_misc_feat_rows, uniq_ijyb, uniq_grinder, uniq_menkaure
D:5:      layout_rooms, chequers_temple_overflow_statue_of_worship,
          temple_doors_e
D:6:      layout_loops_ring
D:7:      layout_gridville, dancing_weapons_uskayaw, grunt_decor_cap, eino_jars,
          uniq_crazy_yiuf_cottage
D:8:      layout_loops_ring, grunt_temple_overflow_holy_war,
          mainiacjoe_overflow_two_lobes, lair_entry_dummy, uniq_joseph
D:9:      minmay_clustersquares, layout_long_grid,
          nicolae_dithmenos_shadow_blocks
D:10:     kennysheep_six_static_rooms, layout_basic,
          mainiacjoe_overflow_small_starburst, erik_orc_1, serial_shops,
          kennysheep_little_box, minmay_joined_circles
Temple:   kb_corrupted_temple
Lair:1:   layout_gridlike, grunt_megastairs_3

Skill      XL: |  1  2  3  4  5  6  7  8  9 10 11 |
---------------+----------------------------------+-----
Fire Magic     | 3 4 5 6 8 9 |  9.8
Dodging        | 2 3 |  3.6
Spellcasting   | 3 4 5 7 8 10 11 | 11.2
Conjurations   | 2 3 4 5 6 7 8 |  8.3
Fighting       | 1 2 |  2.2
Staves         | 2 3 |  3.8
Armour         | 2 3 |  3.1
Stealth        | |  1.7
Translocations | |  0.1
Air Magic      | |  0.1

Action                   |  1- 3 |  4- 6 |  7- 9 | 10-12 || total
-------------------------+-------+-------+-------+-------++-------
Melee: Unarmed           |       |     1 |       |       ||     1
       Quarterstaff      |       |       |     5 |    46 ||    51
 Cast: Foxfire           |    52 |   133 |   224 |   133 ||   542
       Scorch            |     8 |     4 |    41 |    41 ||    94
       Flame Wave        |       |       |       |    13 ||    13
       Kindle Blastspark |       |       |       |     1 ||     1
  Use: Scroll            |       |       |    18 |     5 ||    23
       Potion            |       |       |     1 |     2 ||     3
Armor: Robe              |     5 |     1 |     1 |       ||     7
       Leather armour    |       |       |    10 |       ||    10
       Ring mail         |       |       |     1 |    37 ||    38
       Acid dragon scale |       |       |       |     8 ||     8
Dodge: Dodged            |    32 |     9 |    45 |   107 ||   193

Table legend: (Time is in decaauts)
 A = Elapsed time spent in this place.
 B = Non-inter-level travel time spent in this place.
 C = Inter-level travel time spent in this place.
 D = Time resting spent in this place.
 E = Time spent auto-exploring this place.
 F = Levels seen in this place.
 G = Mean time per level.
                   A        B        C        D        E       F      G
               +--------+--------+--------+--------+--------+-----+--------+
         Total |  12824 |  12399 |    425 |    445 |   9931 |  12 | 1068.7 |
       Dungeon |  12675 |  12269 |    406 |    445 |   9847 |  10 | 1267.5 |
        Temple |    115 |     97 |     18 |      0 |     84 |   1 |  115.0 |
          Lair |     33 |     33 |      0 |      0 |      0 |   1 |   33.0 |
               +--------+--------+--------+--------+--------+-----+--------+

Top non-repeatable levels by time:
    D:10: 1791 daAuts
     D:8: 1407 daAuts
     D:9: 1388 daAuts
     D:3: 1362 daAuts
     D:2: 1314 daAuts
     D:4: 1173 daAuts
     D:1: 1142 daAuts
     D:7: 1118 daAuts
     D:6: 1056 daAuts
     D:5: 920 daAuts
  Temple: 115 daAuts
  Lair:1: 33 daAuts
